 Dungeon Crawl Stone Soup version 0.18.1-8-gdd0e5ea (webtiles) character file.

112 kae the Firebug (level 4, -12/24 HPs)
             Began as a Tengu Fire Elementalist on May 29, 2016.
             Killed by divine providence
             ... invoked by an orc priest
              (16 damage)
             ... on level 3 of the Dungeon.
             The game lasted 00:02:54 (2708 turns).

kae the Firebug (Tengu Fire Elementalist)           Turns: 2708, Time: 00:02:55

Health: -12/24     AC:  3    Str:  8    XL:     4   Next: 93%
Magic:  3/9        EV: 12    Int: 16    God:
Gold:   117        SH:  0    Dex: 15    Spells: 1 memorised, 7 levels left

rFire  . . .     SeeInvis .     k - +0 spear (vamp)
rCold  . . .     Gourm    .     a - +0 robe
rNeg   . . .     Faith    .     (no shield)
rPois  .         Spirit   .     (helmet restricted)
rElec  .         Dismiss  .     u - +0 cloak
rCorr  .         Reflect  .     (no gloves)
SustAt .         Harm     .     (boots unavailable)
MR     .....                    (no amulet)
Stlth  ++........               (no ring)
                                (no ring)

@: not resistant to hostile enchantments, unstealthy
A: beak, talons 3
a: no special abilities


You were on level 3 of the Dungeon.
You were hungry.

You visited 1 branch of the dungeon, and saw 3 of its levels.

You collected 117 gold pieces.

Inventory:

Hand Weapons
 k - a +0 vampiric spear (weapon)
Armour
 a - a +0 robe (worn)
 u - a +0 cloak (worn)
Jewellery
 s - an uncursed ring of see invisible {unknown}
Scrolls
 c - a scroll of enchant weapon {unknown}
 d - 2 scrolls of teleportation {unknown}
 j - 3 scrolls of remove curse {unknown}
 l - 4 scrolls of fear {unknown}
 m - a scroll of immolation {unknown}
 n - 2 scrolls of identify {unknown}
 o - 4 scrolls of magic mapping {unknown}
 q - 2 scrolls of noise {unknown}
 v - a scroll of fog {unknown}
Potions
 e - a potion of mutation {unknown}
 f - a potion of heal wounds {unknown}
 g - 2 potions of might {unknown}
 h - a potion of resistance {unknown}
 i - 2 potions of curing {unknown}
 t - 2 potions of haste {unknown}
Books
 b - a book of Flames

   Spells                             Type                      Level
   a - Flame Tongue                   Conjuration/Fire             1
   b - Throw Flame                    Conjuration/Fire             2
   c - Conjure Flame                  Conjuration/Fire             3
   d - Inner Flame                    Hexes/Fire                   3
   e - Sticky Flame                   Conjuration/Fire             4
   f - Fireball                       Conjuration/Fire             5
Comestibles
 p - 3 fruits
 r - a beef jerky
 w - 3 chunks of flesh


   Skills:
 - Level 2.1 Dodging
 - Level 2.0 Stealth
 + Level 2.9 Spellcasting
 * Level 3.8 Conjurations
 * Level 4.3 Fire Magic


You had 7 spell levels left.
You knew the following spells:

 Your Spells              Type           Power        Failure   Level  Hunger
a - Flame Tongue          Conj/Fire      ###..        4%          1    #......


Dungeon Overview and Level Annotations

Branches:
Dungeon (3/15)

Altars:
Elyvilon
Ru
Trog


Innate Abilities, Weirdness & Mutations

You have a beak for a mouth.
You have claws for feet.


Message History

The orc priest is moderately wounded.
The orc priest casts a cantrip, but nothing happens.
Casting: Flame Tongue
Confirm with . or Enter, or press ? or * to list all spells.
Aiming: Flame Tongue
Press: ? - help, Shift-Dir - straight line, f/p - orc priest
Aim: an orc priest, wielding a morningstar and wearing a ring mail (moderately wounded)
The flame tongue hits the orc priest.
The orc priest appears unharmed.
The orc priest is moderately wounded.
Casting: Flame Tongue
Confirm with . or Enter, or press ? or * to list all spells.
Aiming: Flame Tongue
Press: ? - help, Shift-Dir - straight line, f/p - orc priest
Aim: an orc priest, wielding a morningstar and wearing a ring mail (moderately wounded)
The flame tongue hits the orc priest.
The orc priest is severely wounded.
The orc priest mumbles some strange prayers to Beogh against you.
Beogh smites you!
Ouch! That really hurt!
You die...

####.#........<.#
#.....##.#####
##....#.##########
#..#..............
#.###.############
#.# #.# #.# #.#
#.# #.# ##### #@#
#.# ..... #o# #.#
# #o# #.. # #o#
### # #.. # ### #
. ##


You could see an orc priest and 2 orcs.

Vanquished Creatures
  4 adders
  An ooze (D:1)
  2 dart slugs
  3 orcs (D:3)
  A giant cockroach (D:1)
  10 goblins
  10 hobgoblins
  6 jackals
  6 kobolds
  A ball python (D:3)
  9 bats
  2 giant newts
  5 rats
60 creatures vanquished.

Notes
Turn   | Place    | Note
--------------------------------------------------------------
     0 | D:1      | kae the Tengu Fire Elementalist began the quest for the Orb.
     0 | D:1      | Reached XP level 1. HP: 10/10 MP: 4/4
   172 | D:1      | Reached XP level 2. HP: 4/15 MP: 0/6
   829 | D:1      | Reached XP level 3. HP: 19/19 MP: 3/7
  1190 | D:2      | Found a sacrificial altar of Ru.
  1406 | D:2      | Reached skill level 4 in Fire Magic
  1671 | D:2      | Reached XP level 4. HP: 17/24 MP: 5/8
  2123 | D:3      | Found a bloodstained altar of Trog.
  2234 | D:3      | Found a white marble altar of Elyvilon.
  2708 | D:3      | Killed from afar by an orc priest

Skill      XL: |  1  2  3 |
---------------+----------+-----
Conjurations   | 2 3 |  3.8
Fire Magic     | 4 |  4.3
Dodging        | |  2.1
Stealth        | |  2.0
Spellcasting   | |  2.9

Action                   |  1- 3 |  4- 6 || total
-------------------------+-------+-------++-------
Melee: Unarmed           |     7 |       ||     7
       Peck              |     9 |    10 ||    19
       Spear             |    65 |    59 ||   124
       Kick              |    11 |     8 ||    19
 Cast: Flame Tongue      |    30 |    21 ||    51
 Stab: Sleeping          |     3 |     2 ||     5
       Distracted        |       |     1 ||     1
  Eat: Bread ration      |     1 |       ||     1
       Royal jelly       |     1 |       ||     1
       Chunk             |       |     3 ||     3
       Fruit             |       |     1 ||     1
Armor: Robe              |    13 |    14 ||    27
Dodge: Dodged            |    41 |    39 ||    80
